 Dungeon Crawl Stone Soup version 0.31-a0-188-g5e087ee2ca (webtiles) character file.

Game seed: 3649992177196956132

39 qw the Shooter (level 3, 0/20 HPs)
             Began as a Deep Elf Hunter on June 22, 2023.
             Succumbed to a goblin's poison
             ... on level 1 of the Dungeon.
             The game lasted 00:00:24 (656 turns).

qw the Shooter (Deep Elf Hunter)                     Turns: 656, Time: 00:00:24

Health: 0/20       AC:  6    Str: 10    XL:     3   Next: 28%
Magic:  5/5        EV:  9    Int: 13    God:
Gold:   22         SH:  0    Dex: 18    Spells: 2/2 levels left

rFire   . . .        Y - +0 shortbow
rCold   . . .        (shield currently unavailable)
rNeg    . . .        h - +0 scale mail
rPois   .            (no helmet)
rElec   .            (no cloak)
rCorr   .            (no gloves)
SInv    +            (no boots)
Will    .....        (no amulet)
Stlth   +            j - ring of see invisible
HPRegen 0.23/turn    (no ring)
MPRegen 0.09/turn

%: no passive effects
@: lethally poisoned (0 -> -10)
A: no striking features
a: no special abilities


You were on level 1 of the Dungeon.
You visited 1 branch of the dungeon, and saw 2 of its levels.

You collected 48 gold pieces.
You spent 26 gold pieces at shops.


   Skills:
 - Level 1.5 Fighting
 + Level 6.9 Ranged Weapons
 - Level 2.4 Dodging
 - Level 1.2 Stealth


You had 2 spell levels left.
You didn't know any spells.
Your spell library was empty.

Inventory:

Hand Weapons
 Y - a +0 shortbow (weapon)
Armour
 h - a +0 scale mail (worn)
Jewellery
 j - a ring of see invisible (left hand)
Potions
 d - a potion of mutation {unknown}
 e - a potion of might {unknown}
 l - a potion of berserk rage {unknown}
 m - a potion of enlightenment {unknown}
 n - a potion of heal wounds {unknown}
 o - a potion of brilliance {unknown}

Dungeon Overview and Level Annotations

Branches:
Dungeon (2/15)

Altars:

Shops:
D:1 *


Message History

You shoot an arrow.
The arrow hits the quokka but does no damage.
The quokka bites you but does no damage.
The goblin closely misses you. The quokka closely misses you.
You shoot an arrow. The arrow hits the quokka!
You kill the quokka!
The goblin hits you with a +0 club.
You shoot an arrow. The arrow hits the goblin.
You kill the goblin!
You start resting.
HP restored.
Done exploring.
(D) Dungeon
Where to? (* - list waypoints, Enter - D:2, ? - help)
What level of the Dungeon? (default 1, ? - help)
You climb downwards.
The goblin hits you with a +1 dagger of venom.
You are poisoned.
A hobgoblin comes into view.
The goblin hits you with a +1 dagger of venom.
There is a stone staircase leading up, spattered with blood here.
652 ||| STAIRDANCE You feel sick.
The hobgoblin shouts!
You hear an angry hiss.
You hear a shout!
The goblin hits you with a +1 dagger of venom.
You are lethally poisoned!
You hear a shout!
You climb upwards.
You feel very sick.
There is a stone staircase leading down, spattered with blood here.
You shoot an arrow.
The arrow hits the goblin but does no damage.
You feel very sick. The goblin hits you but does no damage.
You are more poisoned.
You shoot an arrow. The arrow hits the goblin!
You kill the goblin!
You feel very sick.
There is a lethal amount of poison in your body!
You die...

#).....##...........#....#..##..#
......%..#............#..#..#....
##.##.##.#....##...............##
##.##.##......#..................
#.##...............)....#.......
##.#####...#...#.................
...# ##.#.#.....................
#### ##........#)%...............
##..........@.......#........
#####...%.......%).......#.......
#>..............#.....##.........
#....................#####....#..
#...........................#.#..
#.......)........####...#####.#..
#..............#.######..####.#.#
............................#.#..
.....).........##########.#......


There were no monsters in sight!

Vanquished Creatures
  A bat (D:1)
  3 endoplasms (D:1)
  2 giant cockroaches (D:1)
  5 goblins (D:1)
  5 hobgoblins (D:1)
  5 quokkas (D:1)
  3 ball pythons (D:1)
  3 frilled lizards (D:1)
  3 kobolds (D:1)
  2 rats (D:1)
32 creatures vanquished.

Notes
Turn   | Place    | Note
-------+----------+-------------------------------------------
     0 | D:1      | qw the Deep Elf Hunter began the quest for the Orb.
     0 | D:1      | Reached XP level 1. HP: 12/12 MP: 3/3
     0 | D:1      | 0 ||| qw: Version: 0.3-a-9-g12657ce
     0 | D:1      | 0 ||| qw: Game counter: 3028
     0 | D:1      | 0 ||| qw: Always use a shield: true
     0 | D:1      | 0 ||| qw: God list: Okawaru
     0 | D:1      | 0 ||| qw: Allow faded altars: false
     0 | D:1      | 0 ||| qw: Do Orc after D:15 true
     0 | D:1      | 0 ||| qw: Do second Lair branch before Depths: true
     0 | D:1      | 0 ||| qw: Lair rune preference: random
     0 | D:1      | 0 ||| qw: Plans: Normal
     0 | D:1      | 0 ||| PLANNING D:1-11
    84 | D:1      | Reached XP level 2. HP: 16/16 MP: 4/4
    85 | D:1      | Reached skill level 6 in Ranged Weapons
   255 | D:1      | Found Qutrepor's Assorted Antiques.
   288 | D:1      | 288 ||| BUYING lumpy coppery potion (26 gold).
   288 | D:1      | Bought a lumpy coppery potion for 26 gold pieces
   288 | D:1      | 288 ||| SHOPLISTING murky ruby potion (26 gold, have 2).
   288 | D:1      | 288 ||| SHOPLISTING orange potion (26 gold, have 2).
   288 | D:1      | 288 ||| SHOPLISTING ring mail (116 gold, have 2).
   288 | D:1      | 288 ||| SHOPLISTING scroll labelled CIGGUD QIDEK (29 gold,
                  | have 2).
   288 | D:1      | 288 ||| SHOPLISTING scroll labelled SEROUCLIOHU (29 gold,
                  | have 2).
   288 | D:1      | 288 ||| SHOPLISTING scroll labelled YGGIOC NETUOQ (29 gold,
                  | have 2).
   378 | D:1      | Found a faded altar of an unknown god.
   442 | D:1      | Reached XP level 3. HP: 20/20 MP: 5/5
   528 | D:1      | 528 ||| UPGRADING to +0 scale mail.
   538 | D:1      | 538 ||| DROPPING +0 leather armour.
   539 | D:1      | 539 ||| UPGRADING to ring of see invisible.
   540 | D:1      | 540 ||| READING scroll labelled SAMEPA HIOQO.
   541 | D:1      | 541 ||| READING scroll labelled MAPLEN XUANGO.
   542 | D:1      | 542 ||| READING scroll labelled WUM MIUZYN VEN.
   543 | D:1      | 543 ||| READING scroll labelled BEKEZA WANG.
   544 | D:1      | 544 ||| DROPPING scroll of butterflies.
   577 | D:2      | 577 ||| STAIRDANCE
   616 | D:2      | 616 ||| STAIRDANCE
   652 | D:2      | 652 ||| STAIRDANCE
   654 | D:1      | HP: 5/20 [poisoned by a goblin]
   655 | D:1      | HP: 1/20 [poisoned by a goblin]
   656 | D:1      | Succumbed to a goblin's poison

Levels and vault maps discovered:
D:1:      evilmike_arrival_crescent, layout_rooms, serial_shops,
          nicolae_shop_overgrown_old_shop,
          shapermc_ecumenical_altar_mp_vishouse, corexii_corridor_pit
D:2:      layout_rooms, minmay_tripent, uniq_robin

Skill      XL: |  1  2 |
---------------+-------+-----
Ranged Weapons | 6 |  6.9
Fighting       | |  1.5
Dodging        | |  2.4
Stealth        | |  1.2

Action                     || total
---------------------------++-------
   Fire: Shortbow          ||    85
    Use: Scroll            ||     4
 Armour: Leather armour    ||     3
         Scale mail        ||    20
  Dodge: Dodged            ||    32

Table legend:
 A = Non-vault XP
 B = Vault XP
 C = Vault XP percentage of total XP
 D = Non-vault monster count
 E = Vault monster count
 F = Vault count percentage of total count
                 A         B        C        D         E       F
            +---------+---------+-------+---------+---------+-------
      Total |      53 |       4 |   7.0 |      30 |       2 |   6.2
            +---------+---------+-------+---------+---------+-------
        D:1 |      53 |       4 |   7.0 |      30 |       2 |   6.2
            +---------+---------+-------+---------+---------+-------
